 Dungeon Crawl Stone Soup version 0.31.0-12-g77e489cdc1 (webtiles) character file.

Game seed: 15649740196415817434

2 rumpelstilzz the Poker (level 1, -2/22 HPs)
             Began as a Troll Chaos Knight on Mar 5, 2024.
             Was a Plaything of Xom.
             Slain by a hobgoblin (4 damage)
             ... on level 2 of the Dungeon.
             The game lasted 00:02:22 (1950 turns).

rumpelstilzz the Poker (Troll Chaos Knight)         Turns: 1950, Time: 00:02:22

Health: -2/22      AC:  6    Str: 19    XL:     1   Next: 33%
Magic:  0/0        EV: 10    Int:  8    God:    Xom [..*...]
Gold:   42         SH:  0    Dex:  9    Spells: 0/0 levels left

rFire   . . .        a - +0 spear (chaos)
rCold   . . .        (no shield)
rNeg    . . .        b - +2 robe
rPois   .            (helmet restricted)
rElec   .            (no cloak)
rCorr   .            (gloves unavailable)
SInv    .            (boots unavailable)
Will    .....        (no amulet)
Stlth   +            (no ring)
HPRegen 1.03/turn    (no ring)
MPRegen 0.07/turn

%: no passive effects
@: no status effects
A: large, unfitting armour, claws 3, regeneration 1, shaggy fur 1, tough skin 1
a: Renounce Religion


You were on level 2 of the Dungeon.
You worshipped Xom.
You were a toy of Xom.
You visited 1 branch of the dungeon, and saw 2 of its levels.

You collected 42 gold pieces.

Inventory:

Hand Weapons
 a - a +0 spear of chaos (weapon)
Armour
 b - a +2 robe (worn)
Jewellery
 g - a ring of fire
Scrolls
 c - a scroll of butterflies
 d - a scroll of fog {unknown}
 e - a scroll of teleportation {unknown}
 f - a scroll of torment {unknown}
 h - a scroll of identify {unknown}
 i - 2 scrolls of revelation {unknown}


   Skills:
 + Level 2.4 Fighting
 + Level 2.4 Polearms
 + Level 2.1 Dodging


You couldn't memorise any spells.
You didn't know any spells.
Your spell library was empty.

Dungeon Overview and Level Annotations

Branches:
Dungeon (2/15)

Altars:


Innate Abilities, Weirdness & Mutations

You are too large for most types of armour.
You have claws for hands.
Your natural rate of healing is unusually fast.
You are covered in fur. (AC +1)
You have tough skin. (AC +1)


Message History

The hobgoblin barely misses you. The kobold hits you but does no damage.
The bat hits you but does no damage. The bat closely misses you.
The bat barely misses you.
The giant cockroach bites you but does no damage.
The hobgoblin closely misses you. The giant cockroach closely misses you.
The kobold hits you but does no damage.
The bat hits you but does no damage. x4; The bat hits you.
The giant cockroach barely misses you.
The hobgoblin hits you but does no damage.
The kobold hits you but does no damage. The bat completely misses you.
The bat barely misses you. The giant cockroach closely misses you.
The hobgoblin barely misses you. The kobold barely misses you.
The bat hits you but does no damage. The bat hits you.
The giant cockroach barely misses you. The bat hits you but does no damage.
The hobgoblin hits you. The kobold hits you but does no damage.
The bat completely misses you. The bat hits you but does no damage.
The giant cockroach barely misses you. The hobgoblin hits you.
* * * LOW HITPOINT WARNING * * *
The kobold hits you but does no damage. The bat hits you but does no damage.
The bat barely misses you. The giant cockroach bites you.
The bat closely misses you.
The hobgoblin hits you but does no damage.
The giant cockroach barely misses you. The kobold hits you with a +0 dagger.
* * * LOW HITPOINT WARNING * * *
The bat hits you but does no damage. The bat hits you.
* * * LOW HITPOINT WARNING * * *
The giant cockroach barely misses you. The hobgoblin hits you.
* * * LOW HITPOINT WARNING * * *
The kobold hits you but does no damage. The bat hits you but does no damage.
The bat barely misses you. x2
The giant cockroach bites you.
* * * LOW HITPOINT WARNING * * *
The hobgoblin misses you. The kobold barely misses you.
The bat hits you but does no damage. The bat completely misses you.
The giant cockroach barely misses you. The bat misses you.
The hobgoblin hits you.
You die...
Xom bursts into laughter!

........# .
....>.... ..
........# ...
.!......###..
...........
..........#
.........S#
#.........BK#
#.........b@#
##..$......gb#
#............#
#.......#....#
#.......#....###.
#.................
#..............$..
#..................
#..................
#..


You could see a giant cockroach, a hobgoblin, 2 bats, a ball python and a
kobold.

Vanquished Creatures (collateral kills)
  A dart slug (D:1)
1 creature vanquished.

Notes
Turn   | Place    | Note
-------+----------+-------------------------------------------
     0 | D:1      | rumpelstilzz the Troll Chaos Knight began the quest for the
                  | Orb.
     0 | D:1      | Reached XP level 1. HP: 22/22 MP: 0/0
    88 | D:1      | XOM: butterfly on damage
   156 | D:1      | XOM: silly message
   203 | D:1      | XOM: smoke on damage
   218 | D:1      | XOM: silly message
   283 | D:1      | XOM: divination: detect creatures
   343 | D:1      | XOM: noise
   365 | D:1      | XOM: confuse monster(s)
   407 | D:1      | XOM: enchant monster (good)
   461 | D:1      | XOM: cast spell 'Leda's Liquefaction'
   525 | D:1      | XOM: confuse monster(s)
   583 | D:1      | XOM: confuse monster(s)
   652 | D:1      | XOM: enchant monster (bad)
   668 | D:1      | XOM: divination: magic mapping
   778 | D:1      | XOM: divination: detect items
   836 | D:1      | XOM: silly message
   892 | D:1      | XOM: silly message
  1019 | D:1      | XOM: confuse monster(s)
  1048 | D:1      | XOM: smoke on damage
  1094 | D:1      | XOM: potion effect (brilliance)
  1095 | D:1      | XOM: snakes to sticks
  1118 | D:1      | XOM: confuse monster(s)
  1173 | D:1      | XOM: enchant monster (good)
  1212 | D:1      | XOM: scenery: summon butterflies
  1576 | D:1      | XOM: enchant monster (bad)
  1663 | D:1      | XOM: cast spell 'Summon Cactus Giant'
  1784 | D:1      | XOM is BORED!
  1784 | D:1      | XOM: enchant monster (bad)
  1820 | D:1      | XOM: 1-stop teleportation journey
  1934 | D:2      | XOM: enchant monster (bad)
  1936 | D:2      | XOM: enchant monster (bad)
  1938 | D:2      | XOM: swap monsters
  1949 | D:2      | HP: 1/22 [giant cockroach (2)]
  1950 | D:2      | Slain by a hobgoblin

Illustrated notes

Levels and vault maps discovered:
D:1:      dpeg_arrival_houses_and_road, layout_rooms
D:2:      layout_basic, lexackson_kobold_supper, uniq_terence

Skill      XL: |  1 |
---------------+----+-----
Dodging        | 2 |  2.1
Fighting       | |  2.4
Polearms       | |  2.4

Action                     || total
---------------------------++-------
  Melee: Spear             ||     1
 Armour: Robe              ||  1487
  Dodge: Dodged            ||  1029
